 Dungeon Sprint DCSS version 0.26-a0-663-g36e8fdb655 (webtiles) character file.

Game seed: 12878197669550927411

3018 sahdkjhfkaj the Thaumaturge (level 9, -7/45 HPs)
             Began as a Deep Elf Fire Elementalist on Oct 10, 2020.
             Was a High Priest of Sif Muna.
             Shot with a stone by a cherub (19 damage)
             ... in the Dungeon (Sprint VII: "The Pits").
             The game lasted 00:06:32 (2390 turns).

sahdkjhfkaj the Thaumaturge (DEFE)                  Turns: 2390, Time: 00:06:32

Health: -7/45      AC:  5    Str:  5    XL:     9   Next: 55%
Magic:  1/28       EV: 20    Int: 24    God:    Sif Muna [*****.]
Gold:   0          SH:  0    Dex: 15    Spells: 0/34 levels left

rFire    . . .     SeeInvis .   p - +2 scimitar (flame)
rCold    . . .     Faith    .   (no shield)
rNeg     . . .     Spirit   .   a - +0 robe
rPois    .         Reflect  .   (no helmet)
rElec    .         Harm     .   (no cloak)
rCorr    .         Rampage  .   (no gloves)
MR       .....     NoTele   +   (no boots)
Stlth    +.........             (no amulet)
HPRegen  0.15/turn              h - +3 ring of evasion
MPRegen  0.21/turn              l - +3 ring of protection

@: glowing
A: no striking features
a: Channel Magic, Forget Spell, Divine Exegesis, Renounce Religion


You were in the Dungeon.
You worshipped Sif Muna.
Sif Muna was extremely pleased with you.
You visited 1 branch

Inventory:

Hand Weapons
 p - a +2 scimitar of flaming (weapon)
Armour
 a - a +0 robe (worn)
Jewellery
 h - a +3 ring of evasion (left hand)
 l - a +3 ring of protection (right hand)
Scrolls
 j - 3 scrolls of remove curse
 k - 5 scrolls of amnesia
 m - 2 scrolls of vulnerability
Potions
 b - 2 potions of invisibility
 c - 7 potions of curing
 d - 13 potions of heal wounds
 e - a potion of haste
 f - 4 potions of magic
 g - 3 potions of berserk rage
 i - a potion of might
 o - 2 potions of mutation


   Skills:
 + Level 7.7 Dodging
 - Level 2.4 Stealth
 + Level 13.2 Spellcasting
 * Level 12.8 Conjurations
 * Level 13.1 Fire Magic
 + Level 9.2 Earth Magic
 + Level 0.0 Invocations


You couldn't memorise any spells.
You knew the following spells:

 Your Spells              Type           Power        Failure   Level
a - Foxfire               Conj/Fire      ####         1%          1
e - Bolt of Magma         Conj/Fire/Erth ######....   1%          5
f - Fireball              Conj/Fire      ######....   1%          5
i - Iron Shot             Conj/Erth      ######....   6%          6
s - Sticky Flame          Conj/Fire      ######..     1%          4
F - Fire Storm            Conj/Fire      ######....   100%        9
H - Hailstorm             Conj/Ice       #####...     2%          4

Your spell library contained the following spells:

 Spells                   Type           Power        Failure   Level
 Shock                    Conj/Air       ####         1%          1
 Conjure Flame            Conj/Fire      ######..     1%          3
 Dazzling Flash           Conj/Hex       #####.       1%          3
 Inner Flame              Hex/Fire       #####...     1%          3
 Mephitic Cloud           Conj/Pois/Air  #####...     1%          3
 Iskenderun's Battlesphe  Conj           ######..     1%          5
 Starburst                Conj/Fire      ######....   2%          6
 Leda's Liquefaction      Hex/Erth       #####.....   5%          4
 Lightning Bolt           Conj/Air       #####.....   8%          5
 Orb of Destruction       Conj           ######....   17%         7
 Ignition                 Fire           ######....   75%         8
 Spellforged Servitor     Conj/Summ      #####.....   93%         7


Dungeon Overview and Level Annotations

Branches:
Dungeon (1/1)

Altars:
Ashenzari
Cheibriados
Dithmenos
Elyvilon
Fedhas
Gozag
Hepliaklqana
Kikubaaqudgha
Makhleb
Nemelex Xobeh
Okawaru
Qazlal
Ru
Sif Muna
Trog
Uskayaw
Vehumet
Wu Jian
Xom
Yredelemnul
Zin
The Shining One
Beogh
Jiyva
Lugonu


Message History

Confirm with . or Enter, or press ? or * to list all spells.
A cannonade of hail descends around you!
The hail misses the cherub.
The cherub shoots a stone.
The stone hits you!
* * * LOW HITPOINT WARNING * * *
Unknown command.
Unknown command.
Casting: Hailstorm (dangerous; 2% risk of failure)
Confirm with . or Enter, or press ? or * to list all spells.
A cannonade of hail descends around you!
The hail pelts the cherub.
The cherub is severely wounded.
Unknown command.
Unknown command.
Casting: Hailstorm (dangerous; 2% risk of failure)
Confirm with . or Enter, or press ? or * to list all spells.
A cannonade of hail descends around you!
The hail pelts the cherub!
The cherub is almost dead.
The cherub shoots a stone.
The stone hits you!!
You die...

.<...##...##.+
.....##..##..##+##
.....##..#..##...##
.....##.÷#..#(....#
#######..'..'..†..+ + +
#######..#..#.....# c#
.#
#..[[##..#..##...##..+
..#
#..[[##..##..##'##4.#
...#
'..))##...##.'..@+.#
..A..
#..))##....###.).###...#
#..))##......#...A(..A#
#######################


You could see a cherub.

Vanquished Creatures
  A sea snake (D)
  A black mamba (D)
  A merfolk siren (D)
  An orange demon (D)
  A hornet (D)
  A snapping turtle (D)
  An ice beast (D)
  4 wolves (D)
  A centaur (D)
  An ogre (D)
  A big kobold (D)
  A hound (D)
  A worker ant (D)
  A river rat (D)
  An adder (D)
  A white imp (D)
  2 worms (D)
  A bat (D)
  A bat zombie (D)
  A hobgoblin (D)
  7 jackals (D)
  A kobold (D)
  2 frilled lizards (D)
  A giant cockroach zombie (D)
  A quokka zombie (D)
  3 rats (D)
39 creatures vanquished.

Vanquished Creatures (collateral kills)
  An anaconda (D)
1 creature vanquished.

Vanquished Creatures (others)
  37 foxfires (D)
37 creatures vanquished.

Grand Total: 77 creatures vanquished

Notes
Turn   | Place    | Note
-------+----------+-------------------------------------------
     0 | D        | sahdkjhfkaj the Deep Elf Fire Elementalist began the quest
                  | for the Orb.
     0 | D        | Reached XP level 1. HP: 10/10 MP: 6/6
    14 | D        | Reached XP level 2. HP: 9/15 MP: 3/8
   126 | D        | Found a bloodstained altar of Trog.
   126 | D        | Found a shimmering blue altar of Sif Muna.
   126 | D        | Found a viscous altar of Jiyva.
   126 | D        | Found a hazy altar of Hepliaklqana.
   126 | D        | Found an opulent altar of Gozag.
   127 | D        | Found a glowing golden altar of the Shining One.
   127 | D        | Found a glowing silver altar of Zin.
   127 | D        | Found a basalt altar of Yredelemnul.
   127 | D        | Found a shimmering altar of Xom.
   127 | D        | Found an ornate altar of the Wu Jian Council.
   127 | D        | Found a sacrificial altar of Ru.
   127 | D        | Found a stormy altar of Qazlal.
   127 | D        | Found an iron altar of Okawaru.
   127 | D        | Found a sparkling altar of Nemelex Xobeh.
   127 | D        | Found a burning altar of Makhleb.
   127 | D        | Found a blossoming altar of Fedhas.
   127 | D        | Found a white marble altar of Elyvilon.
   127 | D        | Found a shadowy altar of Dithmenos.
   127 | D        | Found a snail-covered altar of Cheibriados.
   128 | D        | Found a radiant altar of Vehumet.
   128 | D        | Found a corrupted altar of Lugonu.
   128 | D        | Found a roughly hewn altar of Beogh.
   129 | D        | Found a hide-covered altar of Uskayaw.
   129 | D        | Found an ancient bone altar of Kikubaaqudgha.
   129 | D        | Found a broken altar of Ashenzari.
   134 | D        | Became a worshipper of Sif Muna the Loreminder
   170 | D        | Reached * piety under Sif Muna
   231 | D        | Reached ** piety under Sif Muna
   270 | D        | Reached skill level 5 in Fire Magic
   271 | D        | Reached *** piety under Sif Muna
   272 | D        | Noticed a big kobold
   274 | D        | Reached XP level 3. HP: 19/19 MP: 2/11
   303 | D        | Killed a big kobold
   303 | D        | Reached XP level 4. HP: 17/24 MP: 1/14
   500 | D        | Learned a level 4 spell: Sticky Flame
   578 | D        | Noticed an ogre
   593 | D        | Reached XP level 5. HP: 28/28 MP: 8/16
   660 | D        | Killed an ogre
   660 | D        | Reached **** piety under Sif Muna
   689 | D        | Noticed a centaur
   707 | D        | Killed a centaur
   707 | D        | Reached ***** piety under Sif Muna
   707 | D        | Reached XP level 6. HP: 20/32 MP: 10/19
   940 | D        | Learned a level 5 spell: Fireball
   942 | D        | Identified Sif Muna's Incunabulum of Entrancing Attacks
                  | (Sif Muna gifted it to you in the Dungeon)
   942 | D        | Received a gift from Sif Muna
   973 | D        | Learned a level 4 spell: Hailstorm
   976 | D        | Noticed an anaconda
   982 | D        | Killed an anaconda
   982 | D        | Reached skill level 10 in Spellcasting
   982 | D        | Reached XP level 7. HP: 14/36 MP: 15/22
  1279 | D        | Learned a level 5 spell: Bolt of Magma
  1344 | D        | Noticed a black mamba
  1344 | D        | Noticed a hornet
  1347 | D        | Killed a hornet
  1347 | D        | Killed a black mamba
  1347 | D        | Reached XP level 8. HP: 41/41 MP: 7/25
  1546 | D        | Identified Sif Muna's Incunabulum of the Volcanoes and
                  | Damage Dealing (Sif Muna gifted it to you in the Dungeon)
  1546 | D        | Received a gift from Sif Muna
  1601 | D        | Learned a level 6 spell: Iron Shot
  1662 | D        | Noticed a sea snake
  1665 | D        | Killed a sea snake
  1665 | D        | Reached skill level 5 in Dodging
  1754 | D        | Noticed a snapping turtle
  1888 | D        | Killed a snapping turtle
  1888 | D        | Reached XP level 9. HP: 45/45 MP: 11/27
  1985 | D        | Noticed an orange demon
  1998 | D        | Killed an orange demon
  2204 | D        | Identified Asmodeus's Volume of Flames and the Escort (Sif
                  | Muna gifted it to you in the Dungeon)
  2204 | D        | Received a gift from Sif Muna
  2216 | D        | Learned a level 9 spell: Fire Storm
  2258 | D        | Noticed a merfolk siren
  2262 | D        | Killed a merfolk siren
  2369 | D        | Noticed a hellwing
  2373 | D        | Noticed a cherub
  2390 | D        | Shot with a stone by a cherub

Illustrated notes

Levels and vault maps discovered:
D:        pitsprint [storerooms_1, entrance_room_1, metal_vault_6, armoury_2,
          mini_pit_1, grid_room_1, main_hall_1, silver_pit, the_coven_3,
          the_vestibule_1, steel_vault_1, golden_pit, hallway_of_sentries,
          crystal_vault_1, iron_vault_3, final_vault]

Skill      XL: |  1  2  3  4  5  6  7  8  9 |
---------------+----------------------------+-----
Conjurations   | 2 4 6 9 11 12 | 12.8
Fire Magic     | 4 5 7 9 11 12 13 | 13.1
Spellcasting   | 4 6 8 10 11 12 13 | 13.2
Dodging        | 5 7 |  7.7
Earth Magic    | 6 9 |  9.2
Stealth        | |  2.4

Action                   |  1- 3 |  4- 6 |  7- 9 || total
-------------------------+-------+-------+-------++-------
Melee: Falchion          |     8 |       |       ||     8
       Long sword        |       |     2 |       ||     2
 Cast: Foxfire           |    25 |     6 |       ||    31
       Sticky Flame      |       |     4 |     1 ||     5
       Fireball          |       |     1 |    21 ||    22
       Bolt of Magma     |       |       |     4 ||     4
       Hailstorm         |       |       |     7 ||     7
       Iron Shot         |       |       |     2 ||     2
  Use: Scroll            |       |     2 |       ||     2
       Potion            |       |       |     1 ||     1
Armor: Robe              |     3 |     1 |       ||     4
Dodge: Dodged            |    16 |     8 |     3 ||    27
       Rpst.: Falchion   |     4 |       |       ||     4
       Long sword        |       |     2 |       ||     2

Table legend: (Time is in decaauts)
 A = Elapsed time spent in this place.
 B = Non-inter-level travel time spent in this place.
 C = Inter-level travel time spent in this place.
 D = Time resting spent in this place.
 E = Time spent auto-exploring this place.
 F = Levels seen in this place.
 G = Mean time per level.
                   A        B        C        D        E       F      G
               +--------+--------+--------+--------+--------+-----+--------+
         Total |   2390 |   2308 |     82 |   1822 |      0 |   1 | 2390.0 |
       Dungeon |   2390 |   2308 |     82 |   1822 |      0 |   1 | 2390.0 |
               +--------+--------+--------+--------+--------+-----+--------+

Top non-repeatable levels by time:
       D: 2390 daAuts
